 Dungeon Crawl Stone Soup version bcrawl-1.27.6 (webtiles) character file.

Game seed: 13053774016267020815

280884 DogServant the Quickloader (level 10, -1/69 HPs)
             Began as a Kobold Hunter on Oct 6, 2020.
             Was a Believer of Makhleb.
             Shot with an arrow by a centaur (8 damage)
             ... on level 9 of the Dungeon.
             The game lasted 00:16:53 (8643 turns).

DogServant the Quickloader (Kobold Hunter)          Turns: 8643, Time: 00:16:54

Health: -1/69      AC:  8    Str: 17    XL:     10   Next: 67%
Magic:  10/10      EV: 20    Int: 12    God:    Makhleb [**....]
Gold:   456        SH:  0    Dex: 18    Spells: 7/9 levels left

rFire    . . .     SeeInvis .   s - +2 mace (protect)
rCold    . . .     Gourm    .   (shield restricted)
rNeg     . . .     Faith    .   c - +1 leather armour
rPois    .         Spirit   .   (no helmet)
rElec    .         Reflect  .   m - +0 cloak
rCorr    .         Harm     .   y - +0 pair of gloves
MR       .....                  i - +0 pair of boots
Stlth    ++........             (no amulet)
HPRegen  0.21/turn              g - ring of wizardry
MPRegen  0.12/turn              l - +6 ring of strength

@: vulnerable
A: small, talons 1, carnivore, mutation resistance 1, sense surroundings 2
a: Minor Destruction, Renounce Religion


You were on level 9 of the Dungeon.
You worshipped Makhleb.
Makhleb was pleased with you.
You were not hungry.

You visited 2 branches of the dungeon, and saw 10 of its levels.

You collected 631 gold pieces.
You spent 175 gold pieces at shops.

Inventory:

Hand Weapons
 a - a +2 hand crossbow
 s - a +2 mace of protection (weapon)
 I - a +1 hand crossbow of velocity
Missiles
 d - 429 bolts
Armour
 c - a +1 leather armour (worn)
 f - a +0 ring mail
 i - a +0 pair of boots (worn)
 m - a +0 cloak (worn)
 y - a +0 pair of gloves (worn)
Jewellery
 g - a ring of wizardry (left hand)
 j - an uncursed amulet of magic regeneration
 l - a +6 ring of strength (right hand)
 n - an uncursed ring of protection from magic
 v - an uncursed ring of insulation
 D - an uncursed ring of protection from cold
Wands
 t - a wand of acid (4)
 x - a wand of polymorph (21)
 z - a wand of flame (8)
Scrolls
 b - 6 scrolls of amnesia
 k - a scroll of identify
 o - 4 scrolls of remove curse
 p - a scroll of fear
 q - a scroll of blinking
 u - a scroll of enchant weapon
 G - a scroll of noise
Potions
 h - a potion of ambrosia
 r - 2 potions of haste
 w - 3 potions of resistance
 A - a potion of agility
 B - a potion of mutation
 E - 2 potions of curing
 F - 4 potions of lignification
 H - 3 potions of heal wounds {unknown}
Comestibles
 e - 23 rations {!d}


   Skills:
 - Level 6.7 Fighting
 + Level 10.8 Crossbows
 + Level 5.3 Armour
 - Level 7.3 Dodging
 - Level 1.5 Stealth
 + Level 5.2 Charms
 + Level 5.3 Fire Magic


You had 7 spell levels left.
You knew the following spells:

 Your Spells              Type           Power        Failure   Level  Hunger
a - Flaming Arrows        Chrm/Fire      ##......     2%          2    ####...

Your spell library contained the following spells:

 Spells                   Type           Power        Failure   Level  Hunger
 Flame Tongue             Conj/Fire      #....        6%          1    None
 Summon Small Mammal      Summ           #...         16%         1    None
 Conjure Flame            Conj/Fire      #.......     16%         3    #####..
 Inner Flame              Hex/Fire       N/A          16%         3    #####..
 Call Imp                 Summ           #.....       24%         2    ####...
 Call Canine Familiar     Summ           #.......     41%         3    #####..
 Sticky Flame             Conj/Fire      #.......     45%         4    ######.
 Summon Ice Beast         Ice/Summ       #.......     80%         4    ######.
 Fireball                 Conj/Fire      #.........   80%         5    #######
 Summon Lightning Spire   Summ/Air       #.......     98%         5    #######


Dungeon Overview and Level Annotations

Branches:
Dungeon (9/12)             Temple (1/1) D:6            Lair (0/6) D:9
    Orc: D:8-11

Altars:
Ashenzari
Cheibriados
Dithmenos
Elyvilon
Fedhas
Gozag
Hepliaklqana
Kikubaaqudgha
Lugonu
Makhleb
Nemelex Xobeh
Okawaru
Qazlal
Ru
Sif Muna
Trog
Uskayaw
Vehumet
Wu Jian
Xom
Yredelemnul
Zin
The Shining One

Shops:
D:4 [   D:8 :(**(


Innate Abilities, Weirdness & Mutations

You are small and have problems with some larger weapons.
You have sharp toenails.
You are carnivorous and can eat meat at any time.
You are somewhat resistant to further mutation.
You passively map the area around you.


Message History

As you read the scroll of fear, it crumbles to dust.
You assume a fearsome visage.
The yak looks frightened!
The centaur looks frightened!
Okay, then.
Okay, then.
As you read the scroll of identify, it crumbles to dust.
w - 3 potions of resistance
As you read the scroll of identify, it crumbles to dust.
A - a potion of agility
As you read the scroll of identify, it crumbles to dust.
B - a potion of mutation The centaur wails, "Help!"
Okay, then.
As you read the scroll labeled KEOTRYOKOG, it crumbles to dust.
Your attack snaps the yak out of its fear.
Your attack snaps the centaur out of its fear.
Magic quickly surges around you.
It was a scroll of vulnerability.
Cornered, the centaur turns to fight!
The centaur shoots an arrow.
The arrow hits you!
You die...

....##..#.#.#.# #.#......#### *
P..####.#.#.#.# #.#.[........,
.#.# #.#.#.#.###.###.########
.#.# #...#.#.##.....Y.<.....> *
.#.# #...#.#.......#.........,
.#.# #...#.#.#####.##.###.###,
.#.####.#.#.#.#......Y...c..#*,,
.#......#...#.###.#.##c###.##
.#..........#)(.@........# ,
.#.######...#.#..........# , ,
.#.# #.#.#.#..........# .#.#
#...#.#..........#, , .#.#
#.#.#.###.#.###..# * .#.#
###.#.# #.#.# .... , .#.# #<#.#
#.#.# * ##. * ##.########...#
#.#.#,, , ..............# #.#
***** * ,


You could see a centaur.

Vanquished Creatures
  Erica (D:8)
  Grinder (D:4)
  A hornet (D:8)
  Sigmund (D:3)
  A wyvern (D:8)
  A steam dragon (D:6)
  A water moccasin (D:7)
  A porcupine (D:9)
  3 ice beasts
  2 orc warriors
  A sky beast (D:9)
  5 ogres
  2 centaurs
  A big kobold (D:9)
  2 bullfrogs (D:7)
  Blork the orc (D:4)
  4 scorpions
  3 killer bees (D:8)
  6 crimson imps
  2 bullfrog zombies
  A centaur skeleton (D:4)
  2 orc priests
  3 hounds
  4 jellies
  3 orc wizards
  2 iguanas
  Ijyb (D:4)
  4 worker ants
  A hound skeleton (D:6)
  3 worker ant zombies
  3 adders (D:3)
  4 gnolls (D:4)
  A howler monkey skeleton (D:7)
  A shadow imp (D:5)
  10 oozes
  4 adder skeletons
  An adder zombie (D:5)
  6 worms
  A dart slug (D:2)
  6 leopard geckos
  22 orcs
  A ball python (D:2)
  5 bats
  2 giant cockroaches
  7 goblins
  9 hobgoblins
  8 jackals
  15 kobolds
  3 quokkas
  3 frilled lizards
  A quokka zombie (D:6)
  2 rats (D:2)
179 creatures vanquished.

Vanquished Creatures (others)
  A fungus (D:9)
  A plant (D:9)
2 creatures vanquished.

Grand Total: 181 creatures vanquished

Notes
Turn   | Place    | Note
-------+----------+-------------------------------------------
     0 | D:1      | DogServant the Kobold Hunter began the quest for the Orb.
     0 | D:1      | Reached XP level 1. HP: 14/14 MP: 1/1
    24 | D:1      | Reached skill level 5 in Crossbows
   201 | D:1      | Reached XP level 2. HP: 19/19 MP: 2/2
   713 | D:2      | Reached XP level 3. HP: 25/25 MP: 3/3
   749 | D:2      | Found a basalt altar of Yredelemnul.
   984 | D:2      | Reached XP level 4. HP: 22/30 MP: 4/4
  1705 | D:3      | Noticed Sigmund
  1841 | D:3      | Reached XP level 5. HP: 36/36 MP: 5/5
  1848 | D:3      | Killed Sigmund
  1848 | D:3      | Reached skill level 6 in Crossbows
  1848 | D:3      | Reached XP level 6. HP: 40/43 MP: 6/6
  2124 | D:3      | Found a shimmering altar of Xom.
  2334 | D:3      | Found an opulent altar of Gozag.
  2335 | D:3      | Found a sparkling altar of Nemelex Xobeh.
  2506 | D:4      | Noticed Ijyb
  2512 | D:4      | Killed Ijyb
  2596 | D:4      | Reached skill level 5 in Dodging
  2596 | D:4      | Reached XP level 7. HP: 49/49 MP: 7/7
  2623 | D:4      | Noticed Grinder
  2624 | D:4      | Paralysed by Grinder for 2 turns
  2651 | D:4      | Reached skill level 7 in Crossbows
  2658 | D:4      | Reached skill level 5 in Fighting
  3089 | D:4      | Noticed Blork the orc
  3189 | D:4      | HP: 2/50 [something (8)]
  3557 | D:4      | Reached XP level 8. HP: 56/56 MP: 8/8
  3562 | D:4      | Killed Grinder
  3562 | D:4      | Reached skill level 8 in Crossbows
  3735 | D:4      | Found Fegut's Armour Shop.
  3742 | D:4      | Killed Blork the orc
  4071 | D:5      | Entered Level 5 of the Dungeon
  4629 | D:6      | Found an iron altar of Okawaru.
  4668 | D:6      | Learned a level 2 spell: Flaming Arrows
  4815 | D:6      | Reached XP level 9. HP: 45/63 MP: 9/9
  4944 | D:6      | Reached skill level 1 in Armour
  4944 | D:6      | Reached skill level 1 in Charms
  4944 | D:6      | Reached skill level 1 in Fire Magic
  5143 | D:6      | Found a staircase to the Ecumenical Temple.
  5157 | D:6      | Reached skill level 9 in Crossbows
  5204 | Temple   | Entered the Ecumenical Temple
  5597 | Temple   | Became a worshipper of Makhleb the Destroyer
  5632 | D:6      | Got a smoking pewter amulet
  5634 | D:6      | Identified the cursed amulet "Lecez" {Inacc rPois rC+
                  | Str-4} (You found it on level 6 of the Dungeon)
  6080 | D:7      | Found a white marble altar of Elyvilon.
  6491 | D:7      | HP: 3/63 [poisoned by a water moccasin]
  6497 | D:7      | HP: 3/63 [poisoned by a water moccasin]
  6840 | D:7      | Found a shadowy altar of Dithmenos.
  6890 | D:8      | Found Amulig's Antique Weapon Emporium.
  6984 | D:8      | Found Biaqargh's Assorted Antiques.
  7012 | D:8      | Reached * piety under Makhleb
  7039 | D:8      | Noticed a hornet
  7055 | D:8      | Killed a hornet
  7055 | D:8      | Reached XP level 10. HP: 46/69 MP: 10/10
  7155 | D:8      | Found Feutyn's Book Shoppe.
  7358 | D:8      | Reached skill level 10 in Crossbows
  7430 | D:8      | Found Weerrucw's Antique Weapon Emporium.
  7433 | D:8      | Bought a runed hand crossbow for 175 gold pieces
  7661 | D:8      | Found Houlimp's Assorted Antiques.
  7664 | D:8      | Noticed Erica
  7674 | D:8      | Killed Erica
  7878 | D:9      | Reached skill level 5 in Armour
  7878 | D:9      | Reached skill level 5 in Fire Magic
  7900 | D:9      | Found a shattered altar of Ashenzari.
  7941 | D:9      | Found a sacrificial altar of Ru.
  8088 | D:9      | Reached skill level 5 in Charms
  8440 | D:9      | Found a staircase to the Lair.
  8629 | D:9      | Reached ** piety under Makhleb
  8643 | D:9      | Shot with an arrow by a centaur

Skill      XL: |  1  2  3  4  5  6  7  8  9 10 |
---------------+-------------------------------+-----
Crossbows      | 5 6 7 8 9 10 | 10.8
Dodging        | 3 4 5 6 7 |  7.3
Fighting       | 3 4 5 6 |  6.7
Armour         | 3 5 |  5.3
Charms         | 3 5 |  5.2
Fire Magic     | 3 5 |  5.3
Stealth        | |  1.5

Action                   |  1- 3 |  4- 6 |  7- 9 | 10-12 || total
-------------------------+-------+-------+-------+-------++-------
Melee: Mace              |    38 |    53 |    45 |   143 ||   279
       Kick              |     1 |       |       |       ||     1
       Unarmed           |       |       |     4 |       ||     4
       Hand crossbow     |       |       |     3 |       ||     3
 Fire: Hand crossbow     |    21 |   113 |   246 |    42 ||   422
 Cast: Flaming Arrows    |       |       |       |     4 ||     4
  Use: Scroll            |       |     6 |    12 |     5 ||    23
       Potion            |       |       |     6 |       ||     6
 Stab: Sleeping          |     1 |       |       |     4 ||     5
       Distracted        |     1 |       |       |       ||     1
       Confused          |       |       |     1 |       ||     1
       Paralysed         |       |       |       |     1 ||     1
  Eat: Chunk             |    10 |    11 |    23 |     7 ||    51
Armor: Leather armour    |    10 |    34 |    24 |    48 ||   116
       Skin              |       |       |    36 |       ||    36
Dodge: Dodged            |    35 |    73 |   139 |   170 ||   417
